 Dungeon Crawl Stone Soup version 0.28-a0-938-gbc3f381ebc (webtiles) character file.

Game seed: 399118396801842138

193 Glundar the Skirmisher (level 5, 0/33 HPs)
             Began as a Gargoyle Berserker on Nov 28, 2021.
             Was a Priest of Trog.
             Killed from afar by a steam dragon (6 damage)
             ... with a ball of steam
             ... on level 4 of the Dungeon.
             The game lasted 00:16:18 (3752 turns).

Glundar the Skirmisher (Gargoyle Berserker)         Turns: 3752, Time: 00:16:18

Health: 0/33       AC: 18    Str: 21    XL:     5   Next: 72%
Magic:  5/5        EV:  8    Int:  8    God:    Trog [***...]
Gold:   118        SH:  0    Dex:  9    Spells: 4/4 levels left

rFire   . . .      SeeInvis .   a - +2 whip (elec)
rCold   . . .      Faith    .   (no shield)
rNeg    + + .      Spirit   .   o - +0 chain mail
rPois   ∞          Reflect  .   j - +2 helmet
rElec   +          Harm     .   i - +0 cloak
rCorr   .          Rampage  .   f - +0 pair of gloves
Will    .....                   (no boots)
Stlth   ..........              (no amulet)
HPRegen 0.11/turn               p - ring of positive energy
MPRegen 0.09/turn               (no ring)

@: on berserk cooldown, slowed, very slow
A: sickness immunity, AC +4, negative energy resistance 1, electricity
resistance, torment resistance 1, petrification resistance
a: Renounce Religion, Berserk, Trog's Hand


You were on level 4 of the Dungeon.
You worshipped Trog.
Trog was most pleased with you.
You visited 1 branch of the dungeon, and saw 4 of its levels.

You collected 118 gold pieces.

Inventory:

Hand Weapons
 a - a +2 whip of electrocution (weapon)
 b - a +0 hunting sling
 l - a +0 hand axe
Missiles
 c - 111 stones (quivered)
 q - 45 poisoned darts
Armour
 f - a +0 pair of gloves (worn)
 i - a +0 cloak (worn)
 j - a +2 helmet (worn)
 o - a +0 chain mail (worn)
 s - a +0 ring mail of fire resistance
Jewellery
 p - a ring of positive energy (left hand)
Scrolls
 e - 3 scrolls of identify {unknown}
 g - a scroll of enchant armour {unknown}
 m - a scroll of vulnerability {unknown}
 n - 2 scrolls of teleportation {unknown}
 r - a scroll of blinking {unknown}
 u - a scroll of holy word {unknown}
 v - a scroll of enchant weapon {unknown}
Potions
 d - a potion of haste {unknown}
 h - a potion of heal wounds {unknown}
 k - a potion of might {unknown}
 t - 2 potions of brilliance {unknown}


   Skills:
 + Level 4.1 Fighting
 + Level 4.0(4.1) Axes
 + Level 1.5(3.1) Maces & Flails
 + Level 0.4 Slings
 + Level 3.2 Armour
 + Level 2.2 Dodging
 + Level 0.2 Stealth


You had 4 spell levels left.
You didn't know any spells.
Your spell library was empty.

Dungeon Overview and Level Annotations

Branches:
Dungeon (4/15)
 Temple: D:4-7

Altars:
Qazlal
Zin


Innate Abilities, Weirdness & Mutations

You are immune to sickness and miasma.
Your stone body is resilient. (AC +4)
You are immune to poison.
You resist negative energy. (rN+)
You are resistant to electric shocks. (rElec)
You are resistant to unholy torment.
You are immune to petrification.


Message History

You hit the adder.
The adder is heavily wounded.
The adder bites you but does no damage.
You whack the adder! Lightning courses through the adder!
You kill the adder!
Trog accepts your kill.
There is a stone staircase leading down here.
A steam dragon comes into view.
The steam dragon hisses angrily.
The steam dragon breathes steam at you. The ball of steam hits you!
The steam dragon breathes steam at you. The ball of steam hits you.
The steam dragon breathes steam at you. The ball of steam hits you!
The steam dragon breathes steam at you.
The ball of steam hits you but does no damage.
Okay, then.
A red film seems to cover your vision as you go berserk!
You feel yourself moving faster!
You feel mighty!
You feel a strong urge to attack something.
The steam dragon breathes steam at you. The ball of steam misses you.
You feel your anger nearly subside.
You are engulfed in a cloud of scalding steam.
You are no longer berserk.
You are exhausted.
You feel yourself slow down. The steam dragon bites you!
* * * LOW HITPOINT WARNING * * *
The steam dragon claws you but does no damage.
You hit the steam dragon.
The steam dragon is lightly wounded.
You are engulfed in a cloud of scalding steam.
The steam dragon breathes steam at you. The ball of steam misses you.
You closely miss the steam dragon.
The steam dragon is lightly wounded.
The steam dragon breathes steam at you. The ball of steam hits you.
You die...

############.....##.
#.D...D§§.§.§#.#.##§
#§########.......##. #D#
##.#.#.#.##D #§#
#.........##. #.#
###.#.#.#D#.##. #.#
#...........##.
.######.####.#.......#.##.
........D@§§............#.
........§§.#§#.....#.#....
.#######§§§............##.
#...#§#.#...#.#.#.###
#..............#..#
#..#.#.#.#.#.#.#.#.#
#..................#
#.........##.#.#..##
##........##.#.##.####


You could see a steam dragon (catching breath).

Vanquished Creatures
  A bullfrog zombie (D:3)
  A howler monkey zombie (D:3)
  4 adders
  A howler monkey skeleton (D:4)
  An ufetubus (D:4)
  4 worms (D:3)
  3 dart slugs
  11 endoplasms
  2 giant cockroaches
  8 hobgoblins
  4 jackals (D:2)
  12 kobolds
  5 quokkas
  6 ball pythons
  6 bats
  A frilled lizard (D:2)
  5 goblins
  3 rats
78 creatures vanquished.

Notes
Turn   | Place    | Note
-------+----------+-------------------------------------------
     0 | D:1      | Glundar the Gargoyle Berserker began the quest for the Orb.
     0 | D:1      | Reached XP level 1. HP: 14/14 MP: 1/1
   126 | D:1      | Reached XP level 2. HP: 8/19 MP: 2/2
   720 | D:1      | Reached XP level 3. HP: 20/24 MP: 3/3
  1309 | D:2      | Found a faded altar of an unknown god.
  1313 | D:2      | Reached ** piety under Trog
  1814 | D:2      | Found a stormy altar of Qazlal.
  2075 | D:2      | Reached XP level 4. HP: 29/29 MP: 4/4
  2910 | D:3      | Reached skill level 1 in Maces & Flails
  2910 | D:3      | Reached XP level 5. HP: 24/33 MP: 5/5
  3174 | D:3      | Reached *** piety under Trog
  3265 | D:3      | Found a glowing silver altar of Zin.
  3705 | D:4      | Noticed a steam dragon
  3752 | D:4      | Killed from afar by a steam dragon

Illustrated notes

Levels and vault maps discovered:
D:1:      minmay_arrival_shoal_huts, layout_basic
D:2:      kennysheep_six_static_rooms, layout_basic,
          hellmonk_ecumenical_altar_dog_temple, basic_altar, roderic_lattice_a,
          st_stairs_10, minmay_pentomino_pile
D:3:      layout_rooms, old_standard_altar
D:4:      layout_basic, hangedman_decor_riveting

Skill      XL: |  1  2  3  4  5 |
---------------+----------------+-----
Axes           | 3 4 |  4.0
Fighting       | 4 |  4.1
Dodging        | 2 |  2.2
Maces & Flails | 1 |  1.5
Armour         | 3 |  3.2
Slings         | |  0.4
Stealth        | |  0.2

Action                   |  1- 3 |  4- 6 || total
-------------------------+-------+-------++-------
Melee: Hand axe          |   117 |       ||   117
       Whip              |    10 |   107 ||   117
 Fire: Hunting sling     |       |     1 ||     1
Invok: Berserk           |       |     1 ||     1
Armor: Ring mail         |    76 |     1 ||    77
       Chain mail        |       |    64 ||    64
Dodge: Dodged            |    76 |    45 ||   121

Table legend: (Time is in decaauts)
 A = Elapsed time spent in this place.
 B = Non-inter-level travel time spent in this place.
 C = Inter-level travel time spent in this place.
 D = Time resting spent in this place.
 E = Time spent auto-exploring this place.
 F = Levels seen in this place.
 G = Mean time per level.
                   A        B        C        D        E       F      G
               +--------+--------+--------+--------+--------+-----+--------+
         Total |   3768 |   3610 |    158 |    558 |   1923 |   4 |  942.0 |
       Dungeon |   3768 |   3610 |    158 |    558 |   1923 |   4 |  942.0 |
               +--------+--------+--------+--------+--------+-----+--------+

Top non-repeatable levels by time:
     D:2: 1435 daAuts
     D:1: 1379 daAuts
     D:3: 678 daAuts
     D:4: 275 daAuts
